 Dungeon Crawl Stone Soup version 0.30-a0-989-g0d87f670db (webtiles) character file.

Game seed: 758120235867171092

774 mopl the Ducker (level 7, -1/60 HPs)
             Began as a Gnoll Monk on Apr 3, 2023.
             Slain by a gnoll sergeant
             ... wielding a +0 trident
              (8 damage)
             ... on level 5 of the Dungeon.
             The game lasted 00:05:40 (5106 turns).

mopl the Ducker (Gnoll Monk)                        Turns: 5106, Time: 00:05:41

Health: -1/60      AC:  8    Str: 12    XL:     7   Next: 84%
Magic:  11/11      EV: 11    Int:  9    God:
Gold:   63         SH:  0    Dex: 15    Spells: 11/11 levels left

rFire   . . .      SeeInvis .    a - +0 morningstar
rCold   . . .      Faith    .    (no shield)
rNeg    . . .      Spirit   .    n - +0 scale mail
rPois   .          Reflect  .    (no helmet)
rElec   .          Rampage  .    (no cloak)
rCorr   .                        m - +1 pair of gloves
Will    .....                    (no boots)
Stlth   ++                       (no amulet)
HPRegen 0.30/turn                (no ring)
MPRegen 0.12/turn                (no ring)

@: no status effects
A: fangs 1, strong nose, distributed training
a: no special abilities


You were on level 5 of the Dungeon.
You visited 1 branch of the dungeon, and saw 5 of its levels.

You collected 234 gold pieces.
You spent 171 gold pieces at shops.

Inventory:

Hand Weapons
 a - a +0 morningstar (weapon)
 v - a +1 hand axe of flaming
Missiles
 i - 2 throwing nets
 j - 2 poisoned darts (quivered)
 w - 2 boomerangs
Armour
 m - a +1 pair of gloves (worn)
 n - a +0 scale mail (worn)
Wands
 y - a wand of polymorph (4)
Scrolls
 b - 3 scrolls of enchant armour {unknown}
 e - 2 scrolls of amnesia {unknown}
 f - 2 scrolls of immolation {unknown}
 g - 2 scrolls of magic mapping {unknown}
 h - 3 scrolls of enchant weapon {unknown}
 k - 2 scrolls of fear {unknown}
 q - 5 scrolls of identify {unknown}
 t - 2 scrolls of blinking {unknown}
 u - a scroll of brand weapon {unknown}
 x - a scroll of teleportation {unknown}
Potions
 c - a potion of ambrosia
 d - 5 potions of curing {unknown}
 l - a potion of degeneration {unknown}
 o - a potion of brilliance {unknown}
 p - 2 potions of might
 r - 3 potions of heal wounds {unknown}
 s - 2 potions of attraction {unknown}
 z - a potion of mutation {unknown}


   Skills:
 + Level 7.2 Fighting
 + Level 2.8 Short Blades
 + Level 2.8 Long Blades
 + Level 2.8 Axes
 + Level 7.2 Maces & Flails
 + Level 2.8 Polearms
 + Level 2.8 Staves
 + Level 2.8 Ranged Weapons
 + Level 2.8 Throwing
 + Level 2.8 Armour
 + Level 7.2 Dodging
 + Level 5.1 Stealth
 + Level 2.8 Shields
 + Level 2.8 Unarmed Combat
 + Level 2.8 Spellcasting
 + Level 2.3 Conjurations
 + Level 2.3 Hexes
 + Level 2.3 Summonings
 + Level 2.3 Necromancy
 + Level 2.3 Translocations
 + Level 2.3 Transmutations
 + Level 2.3 Fire Magic
 + Level 2.3 Ice Magic
 + Level 2.3 Air Magic
 + Level 2.3 Earth Magic
 + Level 2.3 Poison Magic
 + Level 3.1 Invocations
 + Level 2.8 Evocations


You had 11 spell levels left.
You didn't know any spells.
Your spell library contained the following spells:

 Spells                   Type           Power      Damage    Failure   Level
 Ensorcelled Hibernation  Hex/Ice        10%        N/A       65%         2
 Lesser Beckoning         Tloc           10%        N/A       65%         2
 Passwall                 Tmut/Erth      4%         N/A       65%         2
 Gell's Gravitas          Tloc           5%         N/A       87%         3
 Summon Guardian Golem    Hex/Summ       5%         N/A       87%         3
 Swiftness                Air            5%         N/A       87%         3
 Teleport Other           Tloc           5%         N/A       87%         3
 Summon Ice Beast         Ice/Summ       5%         N/A       99%         4
 Summon Mana Viper        Hex/Summ       5%         N/A       100%        5
 Monstrous Menagerie      Summ           2%         N/A       100%        7
 Orb of Destruction       Conj           2%         9d5       100%        7
 Spellforged Servitor     Conj/Summ      2%         N/A       100%        7


Dungeon Overview and Level Annotations

Branches:
Dungeon (5/15)
 Temple: D:4-7

Altars:
Yredelemnul

Shops:
D:3 (   D:5 **

Annotations:
D:5 4 runed translucent doors


Innate Abilities, Weirdness & Mutations

You have very sharp teeth.
Your uncanny sense of smell can sniff out nearby items.
Your experience applies equally to all skills.


Message History

You can access your shopping list by pressing '$'.
Found Gozag's Platinum Reserve.
Found a stone staircase leading down.
b - 3 scrolls labelled ENLULAIFOGH (gained 1)
Found a scroll labelled EMEUS ASEKLU.
The gnoll shouts!
You hit the gnoll but do no damage.
You hear a shout!
The gnoll barely misses you. The gnoll hits you but does no damage.
You hear a shout! x2
You hit the gnoll but do no damage. You bite the gnoll, but do no damage.
The gnoll hits you but does no damage.
You barely miss the gnoll. You bite the gnoll, but do no damage.
The gnoll misses you. The gnoll sergeant barely misses you.
You puncture the gnoll!
The gnoll is severely wounded.
The gnoll hits you with a +0 whip. The gnoll sergeant barely misses you.
You sock the gnoll!
You kill the gnoll!
The gnoll sergeant barely misses you.
The gnoll sergeant hits you with a +0 trident!
You puncture the gnoll sergeant! Your bite misses the gnoll sergeant.
The gnoll sergeant is heavily wounded.
A gnoll comes into view. It is wielding a +0 halberd.
The gnoll sergeant hits you with a +0 trident!
You puncture the gnoll sergeant!
The gnoll sergeant is severely wounded.
The gnoll hits you from afar with a +0 halberd!
The gnoll sergeant completely misses you.
The gnoll hits you from afar with a +0 halberd!
* * * LOW HITPOINT WARNING * * *
The gnoll sergeant hits you with a +0 trident!
* * * LOW HITPOINT WARNING * * *
The gnoll sergeant misses you.
A gnoll comes into view. It is wielding a +0 spear.
Things that are here:
15 stones; a +0 mace; an orc skeleton
There is a stone staircase leading up here.
The gnoll sergeant hits you from afar with a +0 trident!
You die...

..###'# #'###..###.# ..##
#.....######.....####.## ...
.....##8|/8##.######...####.#
.....#8....8#.##............#
<....+y.....+.##.###...###..#
.....+......+(...##.........##
.....#8....8#.#..g..g..###...#
.....##8.=8##...(##.#..# #..)# #
#.##..######..#.@##)#..# #...#?#
#..............).......###...#.#
#####.#####..##........g.....g.#
## #.# ##.##........####..### .#
#.# #......####.####..# . ..#
#..###.##.........# .# ### #..#
#....#.#####.# ##
##.###.#..........#
#.....##.#.#######


You could see a gnoll sergeant and a gnoll.

Vanquished Creatures
  A black bear (D:4)
  2 ogres
  A scorpion (D:5)
  A killer bee (D:5)
  An orc priest (D:4)
  Jessica (D:3)
  Terence (D:2)
  7 adders
  12 gnolls
  An ufetubus (D:5)
  5 dart slugs
  7 orcs
  9 endoplasms
  2 giant cockroaches (D:1)
  29 goblins
  16 hobgoblins
  2 jackals (D:3)
  9 kobolds
  6 quokkas
  6 ball pythons
  5 bats
  4 frilled lizards
  6 rats
134 creatures vanquished.

Notes
Turn   | Place    | Note
-------+----------+-------------------------------------------
     0 | D:1      | mopl the Gnoll Monk began the quest for the Orb.
     0 | D:1      | Reached XP level 1. HP: 23/23 MP: 1/1
   108 | D:1      | Reached XP level 2. HP: 25/29 MP: 2/2
   304 | D:1      | Reached XP level 3. HP: 31/35 MP: 3/3
   632 | D:2      | Reached skill level 1 in Invocations
   810 | D:2      | Reached skill level 1 in Short Blades
   810 | D:2      | Reached skill level 1 in Long Blades
   810 | D:2      | Reached skill level 1 in Axes
   810 | D:2      | Reached skill level 1 in Polearms
   810 | D:2      | Reached skill level 1 in Staves
   810 | D:2      | Reached skill level 1 in Ranged Weapons
   810 | D:2      | Reached skill level 1 in Throwing
   810 | D:2      | Reached skill level 1 in Armour
   810 | D:2      | Reached skill level 1 in Shields
   810 | D:2      | Reached skill level 1 in Unarmed Combat
   810 | D:2      | Reached skill level 1 in Spellcasting
   810 | D:2      | Reached skill level 1 in Evocations
   956 | D:2      | Found a basalt altar of Yredelemnul.
  1103 | D:2      | Noticed Terence
  1135 | D:2      | Killed Terence
  1136 | D:2      | Reached XP level 4. HP: 8/41 MP: 5/5
  1307 | D:3      | Found Nogoc's Weapon Emporium.
  1332 | D:3      | Reached skill level 1 in Conjurations
  1332 | D:3      | Reached skill level 1 in Hexes
  1332 | D:3      | Reached skill level 1 in Summonings
  1332 | D:3      | Reached skill level 1 in Necromancy
  1332 | D:3      | Reached skill level 1 in Translocations
  1332 | D:3      | Reached skill level 1 in Transmutations
  1332 | D:3      | Reached skill level 1 in Fire Magic
  1332 | D:3      | Reached skill level 1 in Ice Magic
  1332 | D:3      | Reached skill level 1 in Air Magic
  1332 | D:3      | Reached skill level 1 in Earth Magic
  1332 | D:3      | Reached skill level 1 in Poison Magic
  1446 | D:3      | Found a faded altar of an unknown god.
  1877 | D:3      | Noticed Jessica
  1883 | D:3      | Killed Jessica
  1884 | D:3      | Reached XP level 5. HP: 32/47 MP: 5/7
  2361 | D:3      | Reached skill level 2 in Invocations
  2482 | D:3      | Reached XP level 6. HP: 52/53 MP: 8/8
  2731 | D:3      | Reached skill level 2 in Short Blades
  2731 | D:3      | Reached skill level 2 in Long Blades
  2731 | D:3      | Reached skill level 2 in Axes
  2731 | D:3      | Reached skill level 2 in Polearms
  2731 | D:3      | Reached skill level 2 in Staves
  2731 | D:3      | Reached skill level 2 in Ranged Weapons
  2731 | D:3      | Reached skill level 2 in Throwing
  2731 | D:3      | Reached skill level 2 in Armour
  2731 | D:3      | Reached skill level 2 in Shields
  2731 | D:3      | Reached skill level 2 in Unarmed Combat
  2731 | D:3      | Reached skill level 2 in Spellcasting
  2731 | D:3      | Reached skill level 2 in Evocations
  3454 | D:4      | Noticed a black bear
  3466 | D:4      | Killed a black bear
  3684 | D:4      | Reached skill level 7 in Fighting
  3684 | D:4      | Reached skill level 7 in Maces & Flails
  3684 | D:4      | Reached skill level 7 in Dodging
  3684 | D:4      | Reached XP level 7. HP: 21/60 MP: 10/10
  3689 | D:4      | Reached skill level 2 in Conjurations
  3689 | D:4      | Reached skill level 2 in Hexes
  3689 | D:4      | Reached skill level 2 in Summonings
  3689 | D:4      | Reached skill level 2 in Necromancy
  3689 | D:4      | Reached skill level 2 in Translocations
  3689 | D:4      | Reached skill level 2 in Transmutations
  3689 | D:4      | Reached skill level 2 in Fire Magic
  3689 | D:4      | Reached skill level 2 in Ice Magic
  3689 | D:4      | Reached skill level 2 in Air Magic
  3689 | D:4      | Reached skill level 2 in Earth Magic
  3689 | D:4      | Reached skill level 2 in Poison Magic
  4397 | D:5      | Entered Level 5 of the Dungeon
  4397 | D:5      | Found a large runed translucent door.
  4397 | D:5      | Found a large runed translucent door.
  4437 | D:5      | Noticed a hornet
  4437 | D:5      | Found a large runed translucent door.
  4438 | D:5      | Found a large runed translucent door.
  4453 | D:5      | Reached skill level 5 in Stealth
  4612 | D:5      | Reached skill level 3 in Invocations
  5031 | D:5      | Found Ricud's Assorted Antiques.
  5035 | D:5      | Bought a scroll labelled TAYVIA XOBRAM for 29 gold pieces
  5035 | D:5      | Bought a fizzy dark potion for 26 gold pieces
  5035 | D:5      | Bought a fluorescent wand for 116 gold pieces
  5045 | D:5      | Found Gozag's Platinum Reserve.
  5092 | D:5      | HP: 3/60 [gnoll sergeant/+0 trident (14)]
  5106 | D:5      | Slain by a gnoll sergeant

Illustrated notes

Levels and vault maps discovered:
D:1:      minmay_arrival_loop, layout_rooms
D:2:      layout_loops_ring, basic_altar, minmay_curled_crystal, minmay_tripent,
          uniq_terence
D:3:      minmay_goblin_kobold_castle, layout_loops_corners, serial_shops,
          nicolae_shop_bloodbath_and_beyond, shapermc_ecumenical_altar_petra,
          uniq_jessica
D:4:      layout_loops_corners
D:5:      black_bear_nest_2, layout_loops_ring, nicolae_gozag_zags_fifth_avenue,
          serial_shops, shop, minmay_hollow_rounded_squares

Skill      XL: |  1  2  3  4  5  6  7 |
---------------+----------------------+-----
Invocations    | 1 2 3 |  3.1
Short Blades   | 1 2 |  2.8
Long Blades    | 1 2 |  2.8
Axes           | 1 2 |  2.8
Polearms       | 1 2 |  2.8
Staves         | 1 2 |  2.8
Ranged Weapons | 1 2 |  2.8
Throwing       | 1 2 |  2.8
Armour         | 1 2 |  2.8
Shields        | 1 2 |  2.8
Unarmed Combat | 1 2 |  2.8
Spellcasting   | 1 2 |  2.8
Evocations     | 1 2 |  2.8
Conjurations   | 1 2 |  2.3
Hexes          | 1 2 |  2.3
Summonings     | 1 2 |  2.3
Necromancy     | 1 2 |  2.3
Translocations | 1 2 |  2.3
Transmutations | 1 2 |  2.3
Fire Magic     | 1 2 |  2.3
Ice Magic      | 1 2 |  2.3
Air Magic      | 1 2 |  2.3
Earth Magic    | 1 2 |  2.3
Poison Magic   | 1 2 |  2.3
Fighting       | 7 |  7.2
Maces & Flails | 7 |  7.2
Dodging        | 7 |  7.2
Stealth        | 5 |  5.1

Action                     |  1- 3 |  4- 6 |  7- 9 || total
---------------------------+-------+-------+-------++-------
  Melee: Mace              |   145 |       |       ||   145
         Punch             |     1 |     9 |     2 ||    12
         Bite              |     8 |    24 |    14 ||    46
         Flail             |       |   250 |    60 ||   310
         Morningstar       |       |       |    18 ||    18
  Throw: Dart              |     3 |       |     1 ||     4
         Throwing net      |     2 |       |       ||     2
   Stab: Sleeping          |     9 |     1 |       ||    10
 Armour: Robe              |    14 |       |       ||    14
         Scale mail        |       |   118 |    31 ||   149
  Dodge: Dodged            |   106 |   167 |    57 ||   330

Table legend: (Time is in decaauts)
 A = Elapsed time spent in this place.
 B = Non-inter-level travel time spent in this place.
 C = Inter-level travel time spent in this place.
 D = Time resting spent in this place.
 E = Time spent auto-exploring this place.
 F = Levels seen in this place.
 G = Mean time per level.
                   A        B        C        D        E       F      G
               +--------+--------+--------+--------+--------+-----+--------+
         Total |   5146 |   5024 |    122 |   1231 |   2713 |   5 | 1029.2 |
       Dungeon |   5146 |   5024 |    122 |   1231 |   2713 |   5 | 1029.2 |
               +--------+--------+--------+--------+--------+-----+--------+

Top non-repeatable levels by time:
     D:3: 1940 daAuts
     D:4: 1491 daAuts
     D:2: 749 daAuts
     D:1: 555 daAuts
     D:5: 409 daAuts
